 Dungeon Crawl Stone Soup version 0.21.1-1-g345015fe64 (webtiles) character file.

355 Lothor the Slinger (level 6, -2/44 HPs)
             Began as a Formicid Hunter on Mar 21, 2018.
             Slain by asdpro's ghost (9 damage)
             ... on level 4 of the Dungeon.
             The game lasted 00:11:55 (3121 turns).

Lothor the Slinger (Formicid Hunter)                Turns: 3121, Time: 00:11:56

Health: -2/44      AC:  5    Str: 17    XL:     6   Next: 95%
Magic:  6/6        EV: 11    Int: 10    God:
Gold:   139        SH:  0    Dex: 13    Spells: 5/5 levels left

rFire    . . .     SeeInvis +   b - +0 short sword
rCold    . . .     Gourm    .   (no shield)
rNeg     . . .     Faith    .   h - +0 ring mail
rPois    .         Spirit   .   (helmet unavailable)
rElec    .         Reflect  .   (no cloak)
rCorr    .         Harm     .   (no gloves)
MR       .....                  (no boots)
Stlth    +.........             (no amulet)
HPRegen  0.14/turn              (no ring)
MPRegen  0.10/turn              (no ring)

@: no status effects
A: permanent stasis, dig shafts and tunnels, four strong arms, antennae 3
a: Dig, Shaft Self


You were on level 4 of the Dungeon.
You were hungry.

You visited 1 branch of the dungeon, and saw 4 of its levels.

You collected 139 gold pieces.

Inventory:

Hand Weapons
 a - a +1 hunting sling
 b - a +0 short sword (weapon)
Armour
 h - a +0 ring mail (worn)
Jewellery
 n - an uncursed ring of poison resistance {unknown}
 q - an uncursed ring of wizardry {unknown}
 s - an uncursed amulet of rage {unknown}
Scrolls
 e - 2 scrolls of remove curse
 j - a scroll of fear {unknown}
 k - 5 scrolls of identify {unknown}
 o - 3 scrolls of teleportation {unknown}
 t - a scroll of noise {unknown}
Potions
 i - 2 potions of heal wounds
 l - a potion of haste {unknown}
 m - a potion of curing {unknown}
 p - a potion of agility {unknown}
 u - a potion of brilliance {unknown}
Comestibles
 f - 9 rations
 g - 8 chunks of flesh


   Skills:
 - Level 2.1 Fighting
 * Level 8.5 Slings
 - Level 1.7 Dodging
 - Level 1.2 Stealth


You had 5 spell levels left.
You didn't know any spells.

Dungeon Overview and Level Annotations

Branches:
Dungeon (4/15)
 Temple: D:4-7

Altars:
Ashenzari

Annotations:
D:4 asdpro's ghost, amateur NaMo


Innate Abilities, Weirdness & Mutations

You cannot be hasted, slowed, berserked, paralysed or teleported.
You can dig through walls and to a lower floor.
Your four strong arms can wield two-handed weapons with a shield.
You have a pair of large antennae on your head. (SInv)


Message History

Asdpro's ghost says very slowly, "There's no hope."
Asdpro's ghost closely misses you.
You hit asdpro's ghost.
Asdpro's ghost is almost destroyed.
Asdpro's ghost hits you.
* * * LOW HITPOINT WARNING * * *
You hit asdpro's ghost but do no damage.
Asdpro's ghost is almost destroyed.
Asdpro's ghost hits you but does no damage.
You barely miss asdpro's ghost.
Asdpro's ghost is almost destroyed.
Asdpro's ghost hits you but does no damage.
You hit asdpro's ghost.
Asdpro's ghost is almost destroyed.
Asdpro's ghost hits you but does no damage.
You are feeling hungry.
You closely miss asdpro's ghost.
Asdpro's ghost is almost destroyed.
Asdpro's ghost barely misses you. Asdpro's ghost hits you!
You die...

#.# #(# . ......... #.. (
#.......#####.# ((
#.......#....(# #(.
.........<...##((.
#............(.#
#########.........).###
.......@#..........##
#######.W((((((.(()#####
#...........((...(...
#....####..........#####
.<## #.........).##
#............###
###..##......... .
#########............
...##............#.......


You could see asdpro's ghost.

Vanquished Creatures
  An ogre (D:4)
  A water moccasin zombie (D:3)
  Robin (D:4)
  A howler monkey skeleton (D:3)
  6 adders
  2 oozes (D:1)
  2 worms
  4 dart slugs
  5 leopard geckos
  An orc (D:4)
  8 bats
  13 giant cockroaches
  13 goblins
  18 hobgoblins
  6 jackals
  9 kobolds
  A quokka (D:3)
  4 frilled lizards
  7 rats
103 creatures vanquished.

Vanquished Creatures (others)
  5 toadstools (D:1)
5 creatures vanquished.

Grand Total: 108 creatures vanquished

Notes
Turn   | Place    | Note
-------+----------+-------------------------------------------
     0 | D:1      | Lothor the Formicid Hunter began the quest for the Orb.
     0 | D:1      | Reached XP level 1. HP: 16/16 MP: 1/1
   112 | D:1      | Reached XP level 2. HP: 22/22 MP: 2/2
   135 | D:1      | Reached skill level 5 in Slings
   198 | D:1      | Reached XP level 3. HP: 27/27 MP: 3/3
   644 | D:1      | Reached XP level 4. HP: 33/33 MP: 4/4
   852 | D:1      | Reached skill level 6 in Slings
  1497 | D:2      | Reached XP level 5. HP: 34/38 MP: 5/5
  2131 | D:2      | Found a shattered altar of Ashenzari.
  2177 | D:3      | Reached skill level 7 in Slings
  2177 | D:3      | Reached XP level 6. HP: 38/44 MP: 6/6
  2948 | D:4      | Noticed an ogre
  2967 | D:4      | Killed an ogre
  2967 | D:4      | Reached skill level 8 in Slings
  3023 | D:4      | Noticed Robin
  3038 | D:4      | Killed Robin
  3074 | D:4      | Noticed asdpro's ghost (amateur NaMo)
  3121 | D:4      | Slain by asdpro's ghost

Skill      XL: |  1  2  3  4  5  6 |
---------------+-------------------+-----
Slings         | 5 6 7 8 |  8.5
Fighting       | |  2.1
Dodging        | |  1.7
Stealth        | |  1.2

Action                   |  1- 3 |  4- 6 || total
-------------------------+-------+-------++-------
Melee: Short sword       |    23 |    12 ||    35
 Fire: Hunting sling     |    66 |   234 ||   300
Throw: Throwing net      |       |     1 ||     1
  Use: Scroll            |       |     1 ||     1
  Eat: Chunk             |       |     6 ||     6
Armor: Ring mail         |    16 |    34 ||    50
Dodge: Dodged            |    26 |    61 ||    87
